 Dungeon Sprint DCSS version 0.30.0-29-ga12c61a403 (webtiles) character file.

Game seed: 17651584780042944308

31 boopmooplesden the Twirler (level 3, -1/39 HPs)
             Began as an Ogre Gladiator on June 21, 2023.
             Slain by an orc wizard
             ... wielding a +0 dagger
              (2 damage)
             ... in the Dungeon (Sprint IX: "|||||||||||||||||||||||||||||").
             The game lasted 00:00:19 (63 turns).

boopmooplesden the Twirler (Ogre Gladiator)           Turns: 63, Time: 00:00:20

Health: -1/39      AC:  3    Str: 20    XL:     3   Next: 22%
Magic:  3/3        EV: 10    Int:  9    God:
Gold:   0          SH:  0    Dex: 10    Spells: 2/2 levels left

rFire   . . .        a - +0 quarterstaff
rCold   . . .        (shield currently unavailable)
rNeg    . . .        b - +0 robe
rPois   .            c - +0 hat
rElec   .            (no cloak)
rCorr   .            (gloves unavailable)
SInv    .            (boots unavailable)
Will    .....        (no amulet)
Stlth   +            (no ring)
HPRegen 0.26/turn    (no ring)
MPRegen 0.08/turn

%: no teleportation
@: on berserk cooldown, slowed, very slow
A: large, unfitting armour, tough skin 1
a: no special abilities


You were in the Dungeon.
You visited 1 branch

Inventory:

Hand Weapons
 a - a +0 quarterstaff (weapon)
Missiles
 d - 3 throwing nets (quivered)
 e - a large rock
Armour
 b - a +0 robe (worn)
 c - a +0 hat (worn)
Scrolls
 k - a scroll of blinking
Potions
 f - a potion of curing
 h - a potion of haste
 i - 2 potions of magic


   Skills:
 + Level 3.9 Fighting
 + Level 5.0 Staves
 + Level 2.6 Throwing
 + Level 4.2 Dodging


You had 2 spell levels left.
You didn't know any spells.
Your spell library was empty.

Dungeon Overview and Level Annotations

Branches:
Dungeon (1/1)

Altars:


Innate Abilities, Weirdness & Mutations

You are too large for most types of armour.
You have tough skin. (AC +1)


Message History

You miss something.
The howler monkey hoots and howls with incredible vigour!
Something hits you but does no damage.
You hear some strange, mumbled words.
You are confused.
You feel much better. Something hits you.
You're too confused to move!
You hear some strange, mumbled words.
A puff of flame appears from out of thin air!
The puff of flame misses you. Something hits you.
You bump into the unnaturally hard rock wall.
You hear some strange, mumbled words.
A puff of flame appears from out of thin air!
The puff of flame hits you! Something hits you but does no damage.
You feel less confused. Something hits you.
You hit something but do no damage. Something hits you but does no damage.
You miss something.
You hear some strange, mumbled words.
A magic dart appears from out of thin air!
The magic dart hits you.
* * * LOW HITPOINT WARNING * * *
Something hits you but does no damage.
You completely miss something. Something hits you.
* * * LOW HITPOINT WARNING * * *
Something hits you.
* * * LOW HITPOINT WARNING * * *
You closely miss something. Something hits you.
* * * LOW HITPOINT WARNING * * *
You barely miss something.
An orc wizard appears from thin air!
Reactivating autopickup.
The orc wizard hits you with a +0 dagger.
* * * LOW HITPOINT WARNING * * *
The orc wizard hits you with a +0 dagger.
* * * LOW HITPOINT WARNING * * *
You closely miss the orc wizard.
The orc wizard is moderately wounded.
The orc wizard hits you with a +0 dagger.
You die... ▓▓▓▓▓▓▓▓▓▓▓▓▓▓▓▓▓▓ ▓<...)....@ohSf..+ ▓▓▓▓▓▓▓▓▓▓▓▓▓▓▓▓▓▓

You could see a water moccasin, a sleepcap, a howler monkey and an orc wizard.

Vanquished Creatures
  A sleepcap (D)
  2 ball pythons (D)
  A kobold (D)
  2 bats (D)
6 creatures vanquished.

Notes
Turn   | Place    | Note
-------+----------+-------------------------------------------
     0 | D        | boopmooplesden the Ogre Gladiator began the quest for the
                  | Orb.
     0 | D        | Reached XP level 1. HP: 22/22 MP: 1/1
    28 | D        | Noticed a sleepcap
    28 | D        | Noticed an orc wizard
    28 | D        | Noticed a howler monkey
    28 | D        | Noticed a water moccasin
    28 | D        | Noticed a sleepcap
    35 | D        | Killed a sleepcap
    36 | D        | Reached skill level 5 in Staves
    36 | D        | Reached XP level 2. HP: 32/32 MP: 2/2
    36 | D        | Reached XP level 3. HP: 39/39 MP: 3/3
    62 | D        | HP: 1/39 [orc wizard/+0 dagger (1)]
    63 | D        | Slain by an orc wizard

Illustrated notes

Levels and vault maps discovered:
D:        linesprint [early_d, line_temple, items_1, d_10, items_2, lair_1,
          lair_end, items_3, orc_1, orc_end, items_4, d_15, swamp_1, shoals_1,
          snake_1, spider_1, d_20, vaults_1, items_5, swamp_end, shoals_end,
          snake_end, spider_end, vaults_end, d_27, items_6, zot_1, zot_end,
          crypt_end, forest_end, elf_end, slime_end, tomb_end, abyss_end,
          pan_hell_end]

Skill      XL: |  1 |
---------------+----+-----
Dodging        | 4 |  4.2
Fighting       | 3 |  3.9
Staves         | 5 |  5.0
Throwing       | |  2.6

Action                     || total
---------------------------++-------
  Melee: Quarterstaff      ||    47
    Use: Potion            ||     2
 Armour: Robe              ||    18
  Dodge: Dodged            ||    16
